 Dungeon Crawl Stone Soup version 0.28.0-47-ge53b351184 (webtiles) character file.

Game seed: 2299754649336330478

2587 NinjaNoafa the Cleaver (level 9, 0/74 HPs)
             Began as a Minotaur Chaos Knight on May 11, 2022.
             Was a Plaything of Xom.
             Slain by an orc warrior
             ... wielding a +0 trident
              (11 damage)
             ... on level 8 of the Dungeon.
             The game lasted 00:17:03 (6671 turns).

NinjaNoafa the Cleaver (Minotaur Chaos Knight)      Turns: 6671, Time: 00:17:04

Health: 0/74       AC: 13    Str: 19 (20) XL:     9   Next: 32%
Magic:  8/8        EV: 12    Int:  9      God:    Xom [.....*]
Gold:   190        SH:  0    Dex: 15      Spells: 8/8 levels left

rFire   . . .      SeeInvis .   a - +4 hand axe (chaos)
rCold   . . .      Faith    .   (no shield)
rNeg    . . .      Spirit   .   b - +2 leather armour
rPois   .          Reflect  .   (helmet restricted)
rElec   .          Harm     .   (no cloak)
rCorr   .          Rampage  .   n - +0 pair of gloves
Will    +....                   j - +0 pair of boots {Stlth+}
Stlth   ++++......              (no amulet)
HPRegen 0.22/turn               h - +4 ring of protection
MPRegen 0.11/turn               g - ring of willpower

@: hasted, unable to read, very quick
A: horns 2, retaliatory headbutt, iridescent scales 1, agile 1, deterioration 1,
screaming 1, strong 1, inability to read while threatened
a: Renounce Religion


You were on level 8 of the Dungeon.
You worshipped Xom.
You were Xom's teddy bear.
You visited 2 branches of the dungeon, and saw 9 of its levels.

You collected 500 gold pieces.
You spent 310 gold pieces at shops.

Inventory:

Hand Weapons
 a - a +4 hand axe of chaos (weapon)
Missiles
 c - 154 stones
 m - 2 atropa-tipped darts
 u - 10 poisoned darts (quivered)
 y - 2 silver boomerangs
Armour
 b - a +2 leather armour (worn)
 j - a +0 pair of boots of stealth (worn)
 n - a +0 pair of gloves (worn)
Jewellery
 g - a ring of willpower (right hand)
 h - a +4 ring of protection (left hand)
Wands
 d - a wand of digging (4)
 s - a wand of acid (6)
 v - a wand of polymorph (10)
 x - a wand of flame (1)
Scrolls
 e - 2 scrolls of immolation
 i - a scroll of amnesia
 k - 2 scrolls of vulnerability
 p - a scroll of fog
 q - 5 scrolls of teleportation
 r - a scroll of blinking
 w - a scroll of noise
 A - 2 scrolls of identify
Potions
 f - a potion of heal wounds
 l - 2 potions of flight
 o - a potion of lignification
 t - 2 potions of curing


   Skills:
 - Level 5.0 Fighting
 - Level 9.0 Axes
 + Level 6.4 Throwing
 - Level 3.0 Armour
 - Level 2.0 Dodging
 - Level 7.0 Stealth


You had 8 spell levels left.
You didn't know any spells.
Your spell library contained the following spells:

 Spells                   Type           Power      Damage    Failure   Level
 Beastly Appendage        Tmut           0%         N/A       43%         1
 Corpse Rot               Necr/Air       0%         N/A       58%         2
 Wereblood                Tmut           0%         N/A       58%         2
 Spider Form              Tmut/Pois      0%         N/A       82%         3
 Dispel Undead            Necr           0%         3d6       99%         4
 Death Channel            Necr           0%         N/A       100%        6


Dungeon Overview and Level Annotations

Branches:
Dungeon (8/15)             Temple (1/1) D:4
   Lair: D:8-11

Altars:
Ashenzari
Dithmenos
Elyvilon
Fedhas
Gozag
Hepliaklqana
Kikubaaqudgha
Makhleb
Nemelex Xobeh
Okawaru
Qazlal
Ru
Sif Muna
Trog
Uskayaw
Vehumet
Wu Jian
Xom
Yredelemnul
Zin
The Shining One

Shops:
D:2 ?   D:7 ?


Innate Abilities, Weirdness & Mutations

You have a pair of horns on your head.
You reflexively headbutt those who attack you in melee.
You are partially covered in iridescent scales. (AC +2)
You are agile. (Dex +2)
Your body sometimes deteriorates upon taking damage.
You occasionally shout uncontrollably at your foes.
Your muscles are strong. (Str +2)
You sometimes lose the ability to read scrolls when taking damage.


Message History

The orc warrior is moderately wounded.
You hit the orc but do no damage.
You feel sick.
The orc priest hits your orc priest zombie with a +0 vampiric hand axe.
The orc warrior hits you with a +0 trident!
* * * LOW HITPOINT WARNING * * *
Your body deteriorates!
You feel weakened. The orc barely misses you.
Okay, then.
You cannot read scrolls in your current state!
You feel sick. Xom's power flows through you!
A swirling arc of seething chaos appears!
The arc of chaos hits your orc priest zombie.
Your orc priest zombie completely resists.
Your orc priest zombie is severely damaged.
The arc of chaos hits the orc!
The orc is poisoned.
You kill the orc!
The arc of chaos hits the orc priest!
The orc priest is almost dead.
The arc of chaos hits your orc priest zombie.
Your orc priest zombie completely resists.
Your orc priest zombie is severely damaged.
The arc of chaos hits your orc priest zombie.
Your orc priest zombie completely resists.
Your orc priest zombie is severely damaged.
The orc priest hits your orc priest zombie with a +0 vampiric hand axe!
Your orc priest zombie is destroyed!
The orc warrior hits you from afar with a +0 trident.
* * * LOW HITPOINT WARNING * * *
You feel better.
The orc priest looks braver for a moment.
The orc warrior barely misses you.
You feel yourself speed up.
The sky beast flickers out of sight!
Deactivating autopickup; reactivate with Ctrl-A.
Something hits you.
* * * LOW HITPOINT WARNING * * *
Something shocks you.
* * * LOW HITPOINT WARNING * * *
The orc warrior hits you from afar with a +0 trident!
You die...

###......##
......###..###.##
................#
##........#####.##
#..........####..##
#..................
#.......>..#.......
#..........#.......
..####.@........#.......
#....§{§§.....#########
...####oo§.§...## #
#.§o§§§§.....#
#...#§§§§......# ...
#§§§§......# #
#..........#
#..........#
##........##


You could see an orc warrior (strong, very poisoned) and an orc priest.

Vanquished Creatures
  A wyvern (D:8)
  3 water moccasins
  2 orc warriors
  An ice beast (D:7)
  A sky beast (D:7)
  3 ogres
  2 centaurs
  A phantom (D:5)
  2 bullfrogs (D:6)
  5 scorpions
  A howler monkey (D:5)
  A bullfrog zombie (D:6)
  A hound (D:5)
  A jelly (D:7)
  6 orc priests
  A gnoll shaman (D:6)
  2 centaur skeletons (D:7)
  A bullfrog skeleton (D:6)
  A human skeleton (D:4)
  3 iguanas
  An orc wizard (D:5)
  A scorpion zombie (D:5)
  A howler monkey zombie (D:5)
  Robin (D:2)
  A howler monkey skeleton (D:5)
  3 adders
  8 gnolls
  A shadow imp (D:6)
  An ufetubus (D:4)
  6 worms
  2 dart slugs
  21 orcs
  9 bats
  3 endoplasms
  3 giant cockroaches
  9 hobgoblins
  7 jackals
  4 quokkas
  4 ball pythons
  3 frilled lizards (D:2)
  14 goblins
  7 kobolds
  3 orc skeletons (D:4)
  2 orc zombies (D:4)
  13 rats
167 creatures vanquished.

Vanquished Creatures (others)
  An orc (D:7)
  2 plants (D:2)
3 creatures vanquished.

Grand Total: 170 creatures vanquished

Notes
Turn   | Place    | Note
-------+----------+-------------------------------------------
     0 | D:1      | NinjaNoafa the Minotaur Chaos Knight began the quest for
                  | the Orb.
     0 | D:1      | Reached XP level 1. HP: 19/19 MP: 0/0
    23 | D:1      | XOM: silly message
   103 | D:1      | Reached XP level 2. HP: 26/27 MP: 1/1
   107 | D:1      | XOM: cleaving
   261 | D:1      | Found a faded altar of an unknown god.
   362 | D:1      | Reached skill level 4 in Axes
   632 | D:2      | Reached XP level 3. HP: 33/33 MP: 2/2
   696 | D:2      | XOM: scenery: create altars
   697 | D:2      | XOM: smoke on damage
   995 | D:2      | XOM: cloud trail
  1105 | D:2      | Noticed Robin
  1125 | D:2      | Reached XP level 4. HP: 37/41 MP: 3/3
  1125 | D:2      | XOM: god gift: 26 stones
  1136 | D:2      | Killed Robin
  1298 | D:2      | XOM: give mutations
  1298 | D:2      | Gained mutation: You are strong-willed. (Will+) [Xom's
                  | grace]
  1298 | D:2      | Gained mutation: You passively map a small area around you.
                  | [Xom's grace]
  1339 | D:2      | XOM: cloud trail
  1343 | D:2      | Found Yficaafo's Magic Scroll Emporium.
  1372 | D:2      | Bought a scroll of enchant weapon for 82 gold pieces
  1384 | D:2      | Lost mutation: You are strong-willed. (Will+) [potion of
                  | mutation]
  1384 | D:2      | Lost mutation: You passively map a small area around you.
                  | [potion of mutation]
  1384 | D:2      | Gained mutation: You are partially covered in iridescent
                  | scales. (AC +2) [potion of mutation]
  1384 | D:2      | Gained mutation: You occasionally shout uncontrollably at
                  | your foes. [potion of mutation]
  1384 | D:2      | Gained mutation: You sometimes lose the ability to read
                  | scrolls when taking damage. [potion of mutation]
  1558 | D:2      | XOM: give mutation
  1558 | D:2      | Gained mutation: Your body sometimes deteriorates upon
                  | taking damage. [Xom's mischief]
  1674 | D:3      | Reached skill level 5 in Fighting
  1685 | D:3      | Reached skill level 5 in Axes
  1733 | D:3      | XOM: 7-stop teleportation journey
  1902 | D:3      | XOM: divination: detect items
  2006 | D:3      | XOM: confuse monster(s)
  2011 | D:3      | Reached XP level 5. HP: 48/48 MP: 4/4
  2498 | D:4      | Found a staircase to the Ecumenical Temple.
  2509 | D:4      | Reached skill level 1 in Stealth
  2515 | Temple   | Entered the Ecumenical Temple
  2947 | D:4      | Noticed an ogre
  2951 | D:4      | XOM: confuse monster(s)
  2957 | D:4      | Killed an ogre
  2958 | D:4      | Reached skill level 6 in Axes
  2958 | D:4      | Reached XP level 6. HP: 56/56 MP: 5/5
  3427 | D:4      | XOM: god gift: 12 stones
  3643 | D:5      | Entered Level 5 of the Dungeon
  3643 | D:5      | Found a sparkling altar of Nemelex Xobeh.
  3664 | D:5      | XOM: silly message
  3667 | D:5      | Reached XP level 7. HP: 29/61 MP: 6/6
  3869 | D:5      | XOM: confuse monster(s)
  3871 | D:5      | Reached skill level 7 in Axes
  3965 | D:5      | XOM: give mutations
  3965 | D:5      | Gained mutation: Your muscles are strong. (Str +2) [Xom's
                  | grace]
  3965 | D:5      | Gained mutation: You are agile. (Dex +2) [Xom's grace]
  4018 | D:5      | Found a basalt altar of Yredelemnul.
  4041 | D:5      | Reached skill level 5 in Stealth
  4145 | D:5      | Found a burning altar of Makhleb.
  4171 | D:5      | XOM: smoke on damage
  4308 | D:5      | XOM: enchant monster (bad)
  4309 | D:5      | XOM: silly message
  4314 | D:5      | Reached XP level 8. HP: 67/68 MP: 7/7
  4574 | D:5      | XOM: noise
  4719 | D:6      | Reached skill level 8 in Axes
  4889 | D:2      | Bought a scroll of enchant weapon for 82 gold pieces
  4889 | D:2      | Bought a scroll of enchant weapon for 82 gold pieces
  4997 | D:6      | XOM: 3-stop teleportation journey
  5088 | D:6      | XOM: cast spell 'Metabolic Englaciation'
  5121 | D:6      | XOM: 2-stop teleportation journey
  5132 | D:6      | XOM: 1-stop teleportation journey
  5176 | D:6      | XOM: silly message
  5299 | D:6      | XOM: divination: detect items
  5445 | D:6      | XOM: silly message
  5566 | D:6      | Found a glowing silver altar of Zin.
  5574 | D:6      | Reached skill level 9 in Axes
  5748 | D:6      | Reached skill level 1 in Throwing
  5827 | D:7      | XOM: silly message
  5857 | D:7      | Found Cietat's Magic Scroll Boutique.
  5879 | D:7      | XOM: 1-stop teleportation journey
  5882 | D:7      | XOM: confuse monster(s)
  5968 | D:7      | Reached XP level 9. HP: 74/74 MP: 8/8
  6022 | D:7      | Reached skill level 5 in Throwing
  6126 | D:7      | XOM: scenery: summon butterflies
  6261 | D:7      | XOM: god gift: 46 gold pieces
  6423 | D:7      | Bought a scroll of identify for 32 gold pieces
  6423 | D:7      | Bought a scroll of identify for 32 gold pieces
  6637 | D:8      | XOM: polymorph water moccasin -> wyvern
  6667 | D:8      | XOM: cast spell 'Chain of Chaos'
  6671 | D:8      | Slain by an orc warrior

Illustrated notes

Levels and vault maps discovered:
D:1:      ncdulo_wetmaze, layout_rooms, hellmonk_ecumenical_altar_lost_god
D:2:      minmay_razor_zed, layout_rooms, serial_shops, shop,
          serial_bayou_pond_a, uniq_robin
D:3:      minmay_diamond_boxcup, layout_basic
D:4:      layout_basic, minmay_temple_entry_proselytizer,
          nicolae_ossuary_entry_catacombs
D:5:      layout_loops_ring, nemelex_xobeh_ov_fountains_minmay,
          mainiacjoe_overflow_large_starburst
D:6:      layout_basic, mainiacjoe_overflow_alcove_2
D:7:      layout_rooms, serial_shops, shop_fountains
D:8:      layout_rooms, uniq_maggie
Temple:   kb_temple_of_zot

Skill      XL: |  1  2  3  4  5  6  7  8  9 |
---------------+----------------------------+-----
Fighting       | 4 5 |  5.0
Axes           | 4 5 6 7 9 |  9.0
Armour         | 3 |  3.0
Dodging        | 2 |  2.0
Stealth        | 2 4 5 7 |  7.0
Throwing       | 4 6 |  6.4

Action                   |  1- 3 |  4- 6 |  7- 9 || total
-------------------------+-------+-------+-------++-------
Melee: Hand axe          |    75 |   119 |   165 ||   359
       Headbutt          |    10 |    23 |    28 ||    61
       Punch             |       |     4 |     4 ||     8
Throw: Stone             |       |     5 |    18 ||    23
       Dart              |       |       |     1 ||     1
Evoke: Wand              |       |       |     1 ||     1
  Use: Potion            |     4 |     6 |     4 ||    14
       Scroll            |     3 |     4 |     7 ||    14
 Stab: Sleeping          |     3 |    10 |     7 ||    20
       Confused          |       |     2 |       ||     2
       Paralysed         |       |     1 |       ||     1
Armor: Leather armour    |    42 |    53 |    84 ||   179
Dodge: Dodged            |    47 |    61 |    90 ||   198
